 Dungeon Crawl Stone Soup version 0.30-a0-778-g2ef04afb54 (webtiles) character file.

Game seed: 950000337922239742

276 Wobber the Changer (level 6, 0/39 HPs)
             Began as an Octopode Transmuter on Feb 17, 2023.
             Slain by a wight
             ... wielding a +3 great sword
              (14 damage)
             ... on level 4 of the Dungeon.
             The game lasted 00:11:29 (3156 turns).

Wobber the Changer (Octopode Transmuter)            Turns: 3156, Time: 00:11:30

Health: 0/39       AC:  1    Str:  9    XL:     6   Next: 25%
Magic:  7/9        EV: 13    Int: 18    God:
Gold:   239        SH:  0    Dex: 12    Spells: 3/10 levels left

rFire   . . .      SeeInvis .      - Unarmed
rCold   . . .      Faith    .    (no shield)
rNeg    . . .      Spirit   .    (helmet currently unavailable)
rPois   .          Reflect  .    i - amulet of regeneration
rElec   .          Harm     .    (no ring)
rCorr   .          Rampage  .    (no ring)
Will    .....                    (no ring)
Stlth   ++                       (no ring)
HPRegen 1.06/turn                (no ring)
MPRegen 0.11/turn                (no ring)
                                 (no ring)
                                 (no ring)

@: about to teleport, appendages, wereblooded
A: tentacle spike 3, almost no armour, amphibious, 8 rings, camouflage 1,
gelatinous body 1, (nimble swimmer 1), tentacles
a: End Transformation


You were on level 4 of the Dungeon.
One of your tentacles had grown a beastly spike.
You visited 1 branch of the dungeon, and saw 4 of its levels.

You collected 239 gold pieces.

Inventory:

Hand Weapons
 b - a +0 sling
 f - a +0 whip of venom
 p - the +2 flail of the Bear {freeze, rC+ rN+}
   (You found it on level 4 of the Dungeon)

   rC:        It protects you from cold.
   rN:        It protects you from negative energy.
Jewellery
 i - an amulet of regeneration (around mantle)
Scrolls
 e - 2 scrolls of fear
 n - 2 scrolls of identify
 o - a scroll of acquirement {unknown}
 r - a scroll of poison {unknown}
 s - a scroll of enchant armour
Potions
 a - a potion of lignification
 c - 2 potions of haste
 d - a potion of brilliance {unknown}
 g - a potion of degeneration {unknown}
 h - a potion of flight {unknown}
 j - 2 potions of invisibility
 k - a potion of ambrosia {unknown}
 l - 2 potions of might {unknown}
 m - 2 potions of curing {unknown}


   Skills:
 - Level 2.2 Fighting
 - Level 2.9 Dodging
 - Level 3.2 Unarmed Combat
 + Level 2.5 Spellcasting
 * Level 3.8 Transmutations
 * Level 3.1 Ice Magic


You had 3 spell levels left.
You knew the following spells:

 Your Spells              Type           Power      Damage    Failure   Level
a - Beastly Appendage     Tmut           30%        N/A       3%          1
b - Wereblood             Tmut           15%        N/A       5%          2
c - Ice Form              Ice/Tmut       14%        N/A       38%         4

Your spell library contained the following spells:

 Spells                   Type           Power      Damage    Failure   Level
 Kiss of Death            Conj/Necr      8%         2d6       17%         1
 Spider Form              Tmut/Pois      9%         N/A       24%         3
 Confusing Touch          Hex            2%         N/A       45%         3
 Dispel Undead            Necr           2%         3d7       86%         4


Dungeon Overview and Level Annotations

Branches:
Dungeon (4/15)
 Temple: D:4-7

Altars:
Makhleb
Zin

Shops:
D:4 [


Innate Abilities, Weirdness & Mutations

One of your tentacles has grown a beastly spike.
You cannot wear most types of armour.
You are amphibious.
You can wear up to eight rings at the same time.
Your skin changes colour to match your surroundings (Stealth+).
Your rubbery body absorbs attacks. (AC +1, EV +1)
((You are camouflaged when in or above water. (Stealth+)))
You have tentacles for arms and can constrict up to eight enemies at once.


Message History

The wight hits you with a +3 falchion!
You feel drained.
You tentacle-slap the wight but do no damage.
You pierce the wight.
The wight is lightly damaged.
You constrict the wight. The wight closely misses you.
You tentacle-slap the wight but do no damage.
You squeeze the wight, but do no damage.
The wight is lightly damaged.
You constrict the wight. The wight hits you with a +3 falchion!
You feel drained.
You tentacle-slap the wight but do no damage.
The wight is moderately damaged.
You constrict the wight. The wight completely misses you.
You tentacle-slap the wight but do no damage.
The wight is heavily damaged.
You constrict the wight, but do no damage.
The wight hits you with a +3 falchion!
* * * LOW HITPOINT WARNING * * *
You tentacle-slap the wight.
You pierce the wight.
The wight is severely damaged.
You constrict the wight.
You tentacle-slap the wight but do no damage.
You pierce the wight.
You tentacle-slap the wight, but do no damage.
Your squeeze misses the wight.
The wight is almost destroyed.
You constrict the wight.
You feel a bit better.
You destroy the wight!
Your life force feels restored.
Your Ice Magic skill increases to level 3!
Press: ? - help, v - describe, . - travel, g - get item
Here: a wight, wielding a +3 great sword and wearing a +0 robe
Items here: a +3 falchion; a +0 robe.
The floor.
Press: ? - help, v - describe, . - travel The floor, spattered with blood.
As you read the scroll of teleportation, it crumbles to dust.
You feel strangely unstable.
The wight hits you with a +3 great sword!
You die...

###.####.#.##~...~##
#...# #...#~.....~#
#..## ###.#~..∩..~#
#.## ##.#~.....~#
#.# ##..##~...~##
#.# #....##...##
##'## #.....######
#...## #..........#
.....####....#..@.#
......######...##z#
.......# #....# z#
.......+........ .#
.......####....##.#
......## ##..## .#
.....## #..# .#
#...## #.. .# ##+##


You could see 2 wights.

Vanquished Creatures
  A wight (D:4)
  An iguana (D:4)
  4 adders
  8 gnolls
  A worm (D:2)
  A dart slug (D:2)
  An orc (D:3)
  7 bats
  7 endoplasms
  2 giant cockroaches
  5 goblins
  8 hobgoblins
  8 jackals (D:1)
  5 quokkas
  6 ball pythons
  4 frilled lizards (D:1)
  9 kobolds
  4 rats
82 creatures vanquished.

Notes
Turn   | Place    | Note
-------+----------+-------------------------------------------
     0 | D:1      | Wobber the Octopode Transmuter began the quest for the Orb.
     0 | D:1      | Reached XP level 1. HP: 13/13 MP: 3/3
    36 | D:1      | Reached XP level 2. HP: 18/18 MP: 3/5
   259 | D:1      | Reached XP level 3. HP: 18/23 MP: 3/6
   262 | D:1      | Learned a level 2 spell: Wereblood
   333 | D:1      | Reached skill level 1 in Ice Magic
   966 | D:2      | Found a burning altar of Makhleb.
  1023 | D:2      | Reached XP level 4. HP: 29/29 MP: 5/7
  1208 | D:2      | Identified the +7 dagger of Karma {heavy, Will- rCorr
                  | Dex+3}
  1952 | D:3      | Learned a level 4 spell: Ice Form
  2006 | D:3      | Reached XP level 5. HP: 34/34 MP: 6/8
  2740 | D:4      | Identified the +2 flail of the Bear {freeze, rC+ rN+}
  2825 | D:4      | Found a glowing silver altar of Zin.
  3082 | D:4      | Found Burump's Antique Armour Boutique.
  3095 | D:4      | Reached XP level 6. HP: 36/39 MP: 6/9
  3156 | D:4      | Slain by a wight

Illustrated notes

Levels and vault maps discovered:
D:1:      lemuel_arrival_broad_hall, layout_basic
D:2:      layout_loops_cross, basic_altar, minmay_misc_feat_ornament,
          minmay_goblin_kobold_house
D:3:      layout_loops_ring, saegor_snake_ambush
D:4:      layout_loops_corners, zin_scriptorium,
          nicolae_concentric_dashed_squares_wild, kennysheep_windowed_goal,
          uniq_grinder

Skill      XL: |  1  2  3  4  5  6 |
---------------+-------------------+-----
Ice Magic      | 1 2 3 |  3.1
Fighting       | 2 |  2.2
Transmutations | 3 |  3.8
Dodging        | |  2.9
Unarmed Combat | |  3.2
Spellcasting   | |  2.5

Action                     |  1- 3 |  4- 6 || total
---------------------------+-------+-------++-------
  Melee: Unarmed           |    55 |    93 ||   148
         Constrict         |    24 |    26 ||    50
         Kick              |    21 |    41 ||    62
         Tentacles         |    13 |    26 ||    39
         Whip              |    28 |     2 ||    30
         Punch             |     2 |     5 ||     7
   Fire: Sling             |       |     1 ||     1
   Cast: Beastly Appendage |    26 |    26 ||    52
         Wereblood         |       |     8 ||     8
    Use: Scroll            |     4 |     6 ||    10
   Stab: Sleeping          |     4 |     4 ||     8
 Armour: Skin              |     8 |     5 ||    13
  Dodge: Dodged            |    45 |    47 ||    92

Table legend: (Time is in decaauts)
 A = Elapsed time spent in this place.
 B = Non-inter-level travel time spent in this place.
 C = Inter-level travel time spent in this place.
 D = Time resting spent in this place.
 E = Time spent auto-exploring this place.
 F = Levels seen in this place.
 G = Mean time per level.
                   A        B        C        D        E       F      G
               +--------+--------+--------+--------+--------+-----+--------+
         Total |   3145 |   3036 |    109 |    164 |   2214 |   4 |  786.2 |
       Dungeon |   3145 |   3036 |    109 |    164 |   2214 |   4 |  786.2 |
               +--------+--------+--------+--------+--------+-----+--------+

Top non-repeatable levels by time:
     D:1: 951 daAuts
     D:2: 851 daAuts
     D:3: 697 daAuts
     D:4: 645 daAuts
